 Dungeon Crawl Stone Soup version 0.21.0-22-g11d5b52 (webtiles) character file.

260 robertstho the Chopper (level 6, -1/55 HPs)
             Began as a Hill Orc Fighter on Jan 18, 2018.
             Slain by an ice beast (3 damage)
             ... on level 4 of the Dungeon.
             The game lasted 00:04:13 (2395 turns).

robertstho the Chopper (Hill Orc Fighter)           Turns: 2395, Time: 00:04:14

Health: -1/55      AC:  9    Str: 20 (21) XL:     6   Next: 17%
Magic:  6/6        EV:  5    Int:  7 (8)  God:
Gold:   124        SH:  9    Dex:  8 (10) Spells: 5/5 levels left

rFire    . . .     SeeInvis .   a - +0 war axe
rCold    . . .     Gourm    .   c - +0 shield
rNeg     . . .     Faith    .   s - +0 chain mail (curse)
rPois    .         Spirit   .   (no helmet)
rElec    .         Reflect  .   (no cloak)
rCorr    .         Harm     .   (no gloves)
MR       .....                  (no boots)
Stlth    ..........             (no amulet)
HPRegen  0.18/turn              (no ring)
MPRegen  0.10/turn              (no ring)

@: no status effects
A: no striking features
a: no special abilities


You were on level 4 of the Dungeon.
You were very hungry.

You visited 1 branch of the dungeon, and saw 4 of its levels.

You collected 124 gold pieces.

Inventory:

Hand Weapons
 a - a +0 war axe (weapon)
 n - a +2 whip of electrocution
Armour
 c - a +0 shield (worn)
 s - a cursed +0 chain mail (worn)
Jewellery
 g - a cursed ring of teleportation {unknown}
 p - an uncursed amulet of magic regeneration {unknown}
Scrolls
 e - a scroll of enchant weapon {unknown}
 h - a scroll of identify {unknown}
 i - a scroll of fog {unknown}
 l - a scroll of teleportation {unknown}
 m - a scroll of random uselessness {unknown}
Potions
 d - a potion of might
 k - a potion of curing {unknown}
 q - a potion of agility {unknown}
 r - a potion of flight {unknown}
Comestibles
 f - 8 rations


   Skills:
 * Level 4.9 Fighting
 * Level 6.2 Axes
 + Level 4.0 Armour
 + Level 0.4 Dodging
 + Level 3.9 Shields


You had 5 spell levels left.
You didn't know any spells.

Dungeon Overview and Level Annotations

Branches:
Dungeon (4/15)
 Temple: D:4-7

Altars:
Sif Muna


Message History

The ice beast hits you but does no damage. x2
You slash the ice beast!
The ice beast is almost dead.
The ice beast hits you but does no damage.
You barely miss the ice beast.
The ice beast is almost dead.
The ice beast hits you. The ice beast freezes you!
* * * LOW HITPOINT WARNING * * *
You barely miss the ice beast.
The ice beast is almost dead.
The ice beast hits you.
* * * LOW HITPOINT WARNING * * *
The ice beast freezes you.
* * * LOW HITPOINT WARNING * * *
The ice beast hits you but does no damage.
It was a potion of degeneration.
There was something very wrong with that liquid.
You feel weakened.
You feel dopey.
You feel clumsy. The ice beast hits you.
You die...

#.....#
####.....# .
#....##+##..
#.#####....#
#.##....#
#....#..#...
......###........
...#.. #.#.####.
. .... #@#...
...)# #Y# ##.#
..... #.. # .....
#... .[... #.....
#...... #.......


You could see an ice beast.

Vanquished Creatures
  A bullfrog (D:3)
  An orc wizard (D:4)
  A worker ant (D:4)
  5 adders
  An ooze (D:2)
  3 worms
  2 dart slugs
  9 orcs
  A ball python (D:2)
  5 bats
  2 giant cockroaches
  4 goblins
  4 hobgoblins
  13 jackals
  6 kobolds
  A quokka (D:2)
  4 frilled lizards
  9 rats
72 creatures vanquished.

Notes
Turn   | Place    | Note
-------+----------+-------------------------------------------
     0 | D:1      | robertstho the Hill Orc Fighter began the quest for the Orb.
     0 | D:1      | Reached XP level 1. HP: 19/19 MP: 1/1
   391 | D:1      | Reached XP level 2. HP: 20/27 MP: 2/2
   435 | D:1      | Reached skill level 3 in Axes
   978 | D:2      | Reached XP level 3. HP: 27/33 MP: 3/3
  1289 | D:2      | Reached skill level 4 in Axes
  1380 | D:2      | Reached XP level 4. HP: 41/41 MP: 4/4
  1383 | D:2      | Found a deep blue altar of Sif Muna.
  1728 | D:3      | Noticed a bullfrog
  1742 | D:3      | Killed a bullfrog
  1742 | D:3      | Reached skill level 5 in Axes
  1742 | D:3      | Reached XP level 5. HP: 35/47 MP: 5/5
  2347 | D:4      | Noticed an ice beast
  2359 | D:4      | Reached XP level 6. HP: 55/55 MP: 6/6
  2373 | D:4      | Reached skill level 6 in Axes
  2394 | D:4      | HP: 2/55 [ice beast (6)]
  2395 | D:4      | Slain by an ice beast

Skill      XL: |  1  2  3  4  5  6 |
---------------+-------------------+-----
Fighting       | 4 |  4.9
Axes           | 3 4 5 6 |  6.2
Armour         | 4 |  4.0
Dodging        | |  0.4
Shields        | |  3.9

Action                   |  1- 3 |  4- 6 || total
-------------------------+-------+-------++-------
Melee: War axe           |    99 |   165 ||   264
  Use: Potion            |       |     1 ||     1
  Eat: Chunk             |     1 |     3 ||     4
Armor: Scale mail        |    42 |    34 ||    76
       Chain mail        |       |    39 ||    39
Dodge: Dodged            |    22 |    40 ||    62
Block: Shield            |    48 |    78 ||   126
